AoeStats
← Lucka

Nomad

505911207Analyzed
3v3 RM · 22d ago on Sep 11, 2026· 49m 22s· 6 players
Game mode
Random Map
Map size
210×210
Population
200
Speed
Normal
Resources
Standard
Victory
Conquest
Starting age
Dark Age
Ending age
Imperial Age
RankedLock teamsTeams togetherTeam positionsShared explorationLock speedFull tech treeHidden civsTurbo modeCheats
Victory
Defeat
🇨🇳 Koreans · China
602
+11
🇩🇪 Bohemians · Germany
583
+12
🇩🇪 Lithuanians · Germany
562
+13
🇷🇴 Poles · Romania
561
-14
🇷🇴 Saracens · Romania
481
-12
🇷🇴 Tatars · Romania
446
-10
murcielagoschack
3:27 Loom
14:33 Feudal Age
15:17 Man-at-Arms
17:25 Arson
21:46 Fletching
23:40 Scale Mail Armor
29:43 Castle Age
28:34 Forging
31:13 Long Swordsman
32:55 Chain Mail Armor
33:42 Town Watch
36:34 Imperial Age
35:25 Bloodlines
35:19 Husbandry
39:00 Scale Barding Armor
39:50 Wheelbarrow
39:18 Gold Mining
42:07 Squires
41:28 Pikeman
42:21 Bodkin Arrow
43:21 Conscription
44:09 Town Patrol
45:41 Double-Bit Axe
47:20 Chain Barding Armor
46:56 Crossbowman
48:01 Cavalier
AfC11Fan
3:47 Loom
15:48 Feudal Age
16:18 Horse Collar
16:26 Double-Bit Axe
17:59 Arson
26:33 Castle Age
26:20 Forging
26:11 Scale Mail Armor
26:16 Scale Barding Armor
27:29 Bow Saw
27:21 Heavy Plow
27:24 Husbandry
26:55 Light Cavalry
27:48 Squires
27:08 Pikeman
29:36 Iron Casting
29:41 Chain Mail Armor
30:40 Chain Barding Armor
31:39 Fortified Wall
31:38 Town Watch
32:44 Town Patrol
33:26 Wheelbarrow
35:04 Hand Cart
48:56 Imperial Age
49:17 Cavalier
49:20 Halberdier
Ming
8:40 Loom
12:35 Feudal Age
13:10 Double-Bit Axe
23:33 Loom
35:37 Arson
36:10 Horse Collar
38:41 Stone Mining
38:43 Gold Mining
45:13 Castle Age
43:45 Fletching
46:36 Stone Shaft Mining
46:38 Gold Shaft Mining
48:03 Bow Saw
PoliteHades9302
4:23 Loom
32:06 Feudal Age
33:26 Double-Bit Axe
33:56 Fishing Lines
34:43 Horse Collar
37:38 Wheelbarrow
36:48 Town Watch
Lucka
7:33 Loom
26:55 Feudal Age
27:21 Horse Collar
34:14 Wheelbarrow
wecinu2000
6:45 Loom
15:40 Feudal Age
16:07 Double-Bit Axe
17:01 Wheelbarrow
16:13 Town Watch
17:42 Horse Collar
25:43 Castle Age
26:48 Bow Saw
26:56 Hand Cart
26:50 Heavy Plow
27:15 Gold Mining
31:49 Elite Skirmisher
32:59 Stone Mining
33:45 Ballistics
33:26 Arson
34:12 Squires
36:24 Town Patrol
38:24 Gold Shaft Mining
42:40 Imperial Age
40:25 Bimaristan
39:48 Pikeman
45:09 Hoardings
43:55 Elite Mameluke
44:57 Conscription
45:53 Two-Man Saw
46:40 Murder Holes
46:28 Treadmill Crane
Connection lost

Rejoining the realm…

Still unreachable

The connection could not be restored.

Session expired

The server has moved on; the page needs a fresh start.